 Dungeon Crawl Stone Soup version 0.21.1 (webtiles) character file.

339 Mgcat the Skirmisher (level 6, 0/71 HPs)
             Began as an Ogre Chaos Knight on Feb 5, 2018.
             Slain by Grinder (2 damage)
             ... in a sewer.
             The game lasted 00:09:38 (2589 turns).

Mgcat the Skirmisher (Ogre Chaos Knight)            Turns: 2589, Time: 00:09:38

Health: 0/71       AC:  4    Str: 19      XL:     6   Next: 55%
Magic:  6/6        EV: 10    Int: 13      God:    Xom [..*...]
Gold:   181        SH:  0    Dex:  7 (10) Spells: 5/5 levels left

rFire    . . .     SeeInvis .   e - +0 hand axe (elec)
rCold    . . .     Gourm    .   (no shield)
rNeg     . . .     Faith    .   b - +2 robe
rPois    .         Spirit   .   (helmet restricted)
rElec    .         Reflect  .   (no cloak)
rCorr    .         Harm     .   (gloves unavailable)
MR       .....                  (boots unavailable)
Stlth    +.........             (no amulet)
HPRegen  0.21/turn              (no ring)
MPRegen  0.10/turn              (no ring)

@: very slow
A: large, unfitting armour, deformed body, strong 1, tough skin 1
a: Renounce Religion


You were in a sewer.
You worshipped Xom.
You were a toy of Xom.
You were not hungry.

You visited 1 branch of the dungeon, and saw 3 of its levels.
You also visited: Sewer.

You collected 181 gold pieces.

Inventory:

Hand Weapons
 a - a +0 mace of chaos
 e - a +0 hand axe of electrocution (weapon)
   (You found it on level 1 of the Dungeon)
Missiles
 q - 7 curare-tipped needles
Armour
 b - a +2 robe (worn)
Scrolls
 f - 2 scrolls of amnesia {unknown}
 h - a scroll of fog {unknown}
 i - a scroll of random uselessness {unknown}
 j - a scroll of fear {unknown}
 k - a scroll of identify {unknown}
 l - a scroll of enchant armour {unknown}
 m - a scroll of enchant weapon {unknown}
 n - a scroll of magic mapping {unknown}
Potions
 d - a potion of degeneration {unknown}
 g - a potion of lignification {unknown}
 o - a potion of invisibility {unknown}
 p - a potion of brilliance {unknown}
Comestibles
 c - 10 rations


   Skills:
 + Level 7.2 Fighting
 + Level 4.9 Maces & Flails
 - Level 2.1 Dodging


You had 5 spell levels left.
You didn't know any spells.

Dungeon Overview and Level Annotations

Branches:
Dungeon (3/15)

Altars:
Sif Muna

Annotations:
Sewer Grinder


Innate Abilities, Weirdness & Mutations

You are too large for most types of armour.
You have tough skin. (AC +1)
Armour fits poorly on your strangely shaped body.
Your muscles are strong. (Str +2)


Message History

You aren't carrying or standing over any spellbooks.
Unknown command.
Unknown command.
Grinder shouts!
You hear a chilling moan.
You hear a shout!
Grinder gestures at you. Pain shoots through your body!
You eat one of the 11 rations.
That ration really hit the spot!
Grinder barely misses you.
You closely miss Grinder.
Grinder blinks!
You closely miss Grinder.
Grinder says, "Wait up."
Grinder gestures at you.
You struggle to resist.
You hit Grinder but do no damage. Grinder gestures at you.
You resist with some effort. Grinder gestures at you.
You suddenly lose the ability to move!
Grinder splashes around in the water.
Grinder hits you.
You writhe in agony.
Grinder hits you.
You writhe in agony.
Grinder says, "I used to sell toenails on the black market."
Grinder gestures at you. You resist with some effort. Grinder hits you.
You writhe in agony.
Grinder splashes around in the water.
You can move again.
Okay, then.
Unknown command.
There is an open door, spattered with blood here.
Items here: ! (( )))) ÷ As you close the door, pushing everything out of the way, it creaks loudly!
You see here a dagger of venom.
The kobold shouts!
Something unseen opens the door.
You hear a chilling moan.
You close the door.
The kobold barely misses you.
A quasit comes into view.
You completely miss the kobold. The kobold misses you.
You closely miss the kobold. The kobold hits you.
You hit the kobold. Lightning courses through the kobold!
You kill the kobold!
You miss the quasit.
The quasit bites you but does no damage.
The quasit closely misses you. The quasit barely misses you.
Something unseen opens the door.
The quasit closely misses you.
The quasit claws you but does no damage. x2
You closely miss the quasit. The quasit closely misses you.
The quasit claws you but does no damage.
The quasit claws you.
You closely miss the quasit.
The quasit bites you but does no damage.
The quasit claws you but does no damage.
The quasit barely misses you. The quasit misses you.
The quasit claws you but does no damage. x2
You closely miss the quasit.
The quasit bites you but does no damage.
The quasit claws you but does no damage. x2
You hit the quasit but do no damage. The quasit barely misses you.
The quasit claws you but does no damage. x2
The quasit bites you.
You feel clumsy.
The quasit claws you but does no damage.
The quasit barely misses you.
You hit Grinder but do no damage. You hit the quasit but do no damage.
The quasit bites you.
* * * LOW HITPOINT WARNING * * *
The quasit claws you but does no damage.
The quasit closely misses you. Grinder closely misses you.
You hit Grinder.
Grinder is lightly wounded.
You hit the quasit. The quasit bites you.
* * * LOW HITPOINT WARNING * * *
The quasit barely misses you. The quasit closely misses you.
Grinder barely misses you. The quasit misses you.
The quasit claws you but does no damage. x2
You hit Grinder.
Grinder is moderately wounded.
You miss the quasit.
Grinder says, "FISH!"
Grinder closely misses you. The quasit bites you.
* * * LOW HITPOINT WARNING * * *
You feel clumsy.
The quasit claws you but does no damage.
The quasit misses you.
You enter the shallow water.
Moving in this stuff is going to be slow.
Grinder hits you.
* * * LOW HITPOINT WARNING * * *
The quasit bites you.
* * * LOW HITPOINT WARNING * * *
You feel clumsy. The quasit barely misses you.
The quasit claws you but does no damage.
Grinder hits you!
* * * LOW HITPOINT WARNING * * *
You writhe in agony.
You die...
Xom cackles wildly!

##### ###### #≈.≈ ≈≈≈≈≈≈
#≈≈≈ ≈≈≈≈≈≈ #... ≈≈≈≈≈≈
##.################
#≈.)'(≈≈≈≈≈≈≈≈≈≈≈≈≈ #..
#≈≈)#.≈≈≈≈≈≈≈≈≈≈≈≈≈ #.§
#≈@5#5≈≈≈≈≈≈≈≈≈≈≈≈≈ #...
#≈≈5#.≈≈≈≈≈≈≈≈≈≈≈≈≈ #'''
#≈).#...≈≈≈≈≈≈≈≈≈≈≈ ##...#
#≈≈.#....≈≈≈≈≈≈≈≈≈≈
#..§..###.####.###≈##≈##≈#
.§.....#((.#≈≈.≈..........
.KKK.§.'..≈≈≈≈≈.≈≈≈≈≈≈≈≈≈≈
.§...K.#..≈#≈≈.≈..........
#..§..###.####.#≈###≈≈#≈##


You could see Grinder and a quasit.

Vanquished Creatures
  A big kobold (Sewer)
  Terence (D:2)
  2 big kobold zombies (Sewer)
  Robin (D:2)
  4 adders (D:2)
  9 shadow imps (Sewer)
  A white imp (Sewer)
  2 ufetubi (Sewer)
  3 worms
  2 leopard geckos (D:2)
  5 bats
  2 giant cockroaches
  15 goblins
  8 hobgoblins
  A quokka (D:2)
  19 kobolds
  A kobold zombie (Sewer)
  6 rats
83 creatures vanquished.

Vanquished Creatures (others)
  A big kobold zombie (Sewer)
  A giant cockroach zombie (Sewer)
2 creatures vanquished.

Grand Total: 85 creatures vanquished

Notes
Turn   | Place    | Note
-------+----------+-------------------------------------------
     0 | D:1      | Mgcat the Ogre Chaos Knight began the quest for the Orb.
     0 | D:1      | Reached XP level 1. HP: 24/24 MP: 1/1
   199 | D:1      | XOM: potion effect (might)
   274 | D:1      | Reached XP level 2. HP: 33/33 MP: 2/2
   288 | D:1      | Reached skill level 3 in Maces & Flails
   305 | D:1      | XOM: harmless Fire miscast
   658 | D:1      | XOM: god gift: 4 rations
   815 | D:1      | XOM: give mutation
   815 | D:1      | Gained mutation: Armour fits poorly on your strangely shaped body. [Xom's mischief]
   824 | D:2      | XOM: 1-stop teleportation journey
   829 | D:2      | Reached XP level 3. HP: 30/41 MP: 3/3
   893 | D:2      | Reached skill level 5 in Fighting
   923 | D:2      | Noticed Robin
   930 | D:2      | Killed Robin
   932 | D:2      | XOM: smoke on damage
   936 | D:2      | Reached XP level 4. HP: 31/50 MP: 4/4
  1027 | D:2      | XOM: give mutations
  1027 | D:2      | Lost mutation: Armour fits poorly on your strangely shaped body. [Xom's mischief]
  1027 | D:2      | Gained mutation: Your muscles are strong. (Str +2) [Xom's mischief]
  1027 | D:2      | Gained mutation: You are frail. (-10% HP) [Xom's mischief]
  1099 | D:2      | XOM: stat loss: -1 Dex (8/9)
  1279 | D:2      | XOM: medium Erth miscast
  1387 | D:2      | XOM: harmless Air miscast
  1516 | D:2      | Noticed Terence
  1531 | D:2      | Killed Terence
  1531 | D:2      | Reached skill level 6 in Fighting
  1531 | D:2      | Reached skill level 4 in Maces & Flails
  1531 | D:2      | Reached XP level 5. HP: 47/53 MP: 5/5
  1757 | D:2      | Found a deep blue altar of Sif Muna.
  1829 | D:3      | Found a glowing drain.
  1869 | Sewer    | Entered a sewer
  2029 | Sewer    | XOM: harmless Summ miscast
  2187 | Sewer    | XOM: polymorph shadow imp -> white imp
  2197 | Sewer    | Reached XP level 6. HP: 43/61 MP: 6/6
  2215 | Sewer    | XOM: give mutations
  2215 | Sewer    | Gained mutation: Armour fits poorly on your strangely shaped body. [Xom's mischief]
  2215 | Sewer    | Lost mutation: You are frail. (-10% HP) [Xom's mischief]
  2223 | Sewer    | XOM: cloud trail
  2261 | Sewer    | Found a burning altar of Makhleb.
  2283 | Sewer    | Reached skill level 7 in Fighting
  2302 | Sewer    | HP: 17/71 [poisoned by a kobold]
  2307 | Sewer    | HP: 14/71 [poisoned by a kobold]
  2312 | Sewer    | HP: 12/71 [poisoned by a kobold]
  2317 | Sewer    | HP: 12/71 [poisoned by a kobold]
  2324 | Sewer    | HP: 11/71 [poisoned by a kobold]
  2332 | Sewer    | HP: 11/71 [poisoned by a kobold]
  2358 | Sewer    | XOM: god gift: ration
  2438 | Sewer    | XOM: god gift: 44 gold pieces
  2548 | Sewer    | Noticed Grinder
  2564 | Sewer    | Paralysed by Grinder for 7 turns
  2589 | Sewer    | HP: 12/71 [Grinder (6)]
  2589 | Sewer    | HP: 2/71 [Grinder (8)]
  2589 | Sewer    | Slain by Grinder

Skill      XL: |  1  2  3  4  5  6 |
---------------+-------------------+-----
Maces & Flails | 3 4 |  4.9
Fighting       | 5 6 7 |  7.2
Dodging        | |  2.1

Action                   |  1- 3 |  4- 6 || total
-------------------------+-------+-------++-------
Melee: Mace              |    21 |       ||    21
       Hand axe          |    35 |   158 ||   193
  Use: Potion            |     1 |       ||     1
 Stab: Sleeping          |     2 |       ||     2
  Eat: Chunk             |       |     4 ||     4
       Ration            |       |     1 ||     1
Armor: Robe              |    17 |    64 ||    81
Dodge: Dodged            |    34 |   116 ||   150

Vault maps used:
D:1:      scummos_arrival_star, due_unseen_surprise
D:2:      first_ration, minmay_misc_feat_enclosed, led_sif_pool, uniq_terence,
          uniq_robin
D:3:      overflow_temple_1_default, cheibrodos_sewer_entry_drain
Sewer:    kennysheep_sewer_church

Table legend:
 A = Turns spent in this place as a percentage of turns spent in the entire game.
 B = Non-inter-level travel turns spent in this place as a percentage of non-inter-level travel turns spent in the entire game.
 C = Inter-level travel turns spent in this place as a percentage of turns spent in this place.
 D = Turns resting spent in this place as a percentage of non-inter-level travel turns spent in this place.
 E = Turns spent auto-exploring this place as a percentage of non-inter-level travel turns spent in this place.
 F = Non-inter-level travel turns spent in this place divided by the number of levels of this place that you've seen.
                   A       B       C       D       E      F
               +-------+-------+-------+-------+-------+----------------------
         Total | 100.0 | 100.0 |   1.9 |   1.2 |  77.4 | 635.0
       Dungeon |  72.2 |  71.7 |   2.6 |   0.1 |  80.5 | 606.7
         Sewer |  27.8 |  28.3 |   0.0 |   4.0 |  69.3 | 720.0
               +-------+-------+-------+-------+-------+----------------------

Table legend:
 A = Kills in this place as a percentage of kills in entire the game.
 B = Kills by you in this place as a percentage of kills by you in the entire game.
 C = Kills by friends in this place as a percentage of kills by friends in the entire game.
 D = Other kills in this place as a percentage of other kills in the entire game.
 E = Experience gained in this place as a percentage of experience gained in the entire game.
 F = Experience gained in this place divided by the number of levels of this place that you have seen.
                   A       B       C       D       E      F
               +-------+-------+-------+-------+-------+----------------------
         Total | 100.0 | 100.0 |   N/A |   N/A | 100.0 | 121.2
       Dungeon |  65.1 |  65.1 |   N/A |   N/A |  40.8 |  66.0
         Sewer |  34.9 |  34.9 |   N/A |   N/A |  59.2 | 287.0
               +-------+-------+-------+-------+-------+----------------------
